 Dungeon Crawl Stone Soup version 0.30-b1-2-g02819fbbbe (webtiles) character file.

Game seed: 4393066284252253736

17962 Mesmaeker13 the Skirmisher (level 12, -7/92 HPs)
             Began as a Barachi Hunter on July 27, 2023.
             Was an Elder of Okawaru.
             Mangled by a skyshark (9 damage)
             ... on level 1 of the Lair of Beasts.
             The game lasted 00:31:59 (15013 turns).

Mesmaeker13 the Skirmisher (Barachi Hunter)        Turns: 15013, Time: 00:32:00

Health: -7/92      AC: 20    Str: 19    XL:     12   Next: 53%
Magic:  11/17      EV: 19    Int: 10    God:    Okawaru [****..]
Gold:   668        SH:  0    Dex: 20    Spells: 11/11 levels left

rFire   . . .        z - +5 falchion "Keuxirop" {freeze, +Blink rElec rPois Will+}
rCold   + . .        (no shield)
rNeg    . . .        G - +2 ring mail {rC+}
rPois   +            N - +2 helmet
rElec   +            r - +1 cloak {rCorr}
rCorr   +            A - +1 pair of gloves
SInv    +            n - +0 pair of boots of Least Resistance {+Blink rElec SInv}
Will    ++...        B - amulet of faith
Stlth   +++          f - +6 ring of strength
HPRegen 0.35/turn    E - ring of willpower
MPRegen 0.15/turn

%: faith
@: heroic, finesse-ful, marked, slow
A: amphibious, slowness 1, strong legs 1, +LOS
a: Hop, Renounce Religion, Evoke Blink, Heroism, Finesse


You were on level 1 of the Lair of Beasts.
You worshipped Okawaru.
Okawaru was greatly pleased with you.
You visited 3 branches of the dungeon, and saw 14 of its levels.

You collected 668 gold pieces.

Inventory:

Hand Weapons
 a - a +0 arbalest
 z - the +5 falchion "Keuxirop" (weapon) {freeze, +Blink rElec rPois Will+}
   (You found it on level 4 of the Dungeon)

   rElec:     It insulates you from electricity.
   rPois:     It protects you from poison.
   +Blink:    It lets you blink.
   Will:      It increases your willpower.
Missiles
 p - a throwing net
 J - 5 javelins
 L - 4 curare-tipped darts
Armour
 c - a +2 buckler of protection
 n - the +0 pair of boots of Least Resistance (worn) {+Blink rElec SInv}
   (You found it on level 10 of the Dungeon)

   rElec:     It insulates you from electricity.
   SInv:      It lets you see invisible.
   +Blink:    It lets you blink.
 r - a +1 cloak of preservation (worn)
 A - a +1 pair of gloves (worn)
 G - a +2 ring mail of cold resistance (worn)
 N - a +2 helmet (worn)
Jewellery
 f - a +6 ring of strength (left hand)
 s - a ring of fire
 B - an amulet of faith (around neck)
 C - a ring of flight
 E - a ring of willpower (right hand)
 P - a ring of protection from fire
Wands
 h - a wand of mindburst (3)
 o - a wand of roots (8)
 u - a wand of flame (27)
Scrolls
 b - 4 scrolls of immolation
 e - 3 scrolls of enchant armour
 g - 3 scrolls of fog
 i - a scroll of blinking
 k - 6 scrolls of teleportation
 q - 2 scrolls of fear
 t - 2 scrolls of amnesia
 y - 2 scrolls of noise
 D - a scroll of vulnerability {unknown}
 O - a scroll of poison
Potions
 d - 3 potions of heal wounds {unknown}
 j - 2 potions of flight
 l - 3 potions of mutation
 m - 3 potions of curing
 v - a potion of cancellation {unknown}
 w - a potion of ambrosia {unknown}
 x - 2 potions of attraction
 F - a potion of brilliance {unknown}
 H - a potion of haste
 I - a potion of lignification
 K - 2 potions of berserk rage
 M - a potion of magic


   Skills:
 - Level 7.7(12.7) Fighting
 - Level 5.7(10.7) Long Blades
 + Level 10.9(15.9) Ranged Weapons
 + Level 9.5(14.5) Armour
 - Level 7.0(12.0) Dodging
 - Level 0.8(5.8) Stealth
 + Level 7.2 Invocations
 + Level 10.4 Evocations


You had 11 spell levels left.
You didn't know any spells.
Your spell library contained the following spells:

 Spells                   Type           Power      Damage    Failure   Level
 Apportation              Tloc           0%         N/A       50%         1
 Freeze                   Ice            0%         1d3       50%         1
 Magic Dart               Conj           0%         1d3       50%         1
 Necrotise                Necr           0%         1d4       50%         1
 Slow                     Hex            0%         N/A       50%         1
 Confusing Touch          Hex            0%         N/A       86%         3
 Frozen Ramparts          Ice            0%         1d1       86%         3
 Hailstorm                Conj/Ice       0%         3d3       86%         3
 Mephitic Cloud           Conj/Pois/Air  0%         N/A       86%         3
 Stone Arrow              Conj/Erth      0%         3d7       86%         3
 Vampiric Draining        Necr           0%         2d6       86%         3
 Passage of Golubria      Tloc           0%         N/A       99%         4
 Silence                  Hex/Air        0%         N/A       100%        5
 Yara's Violent Unravell  Hex/Tmut       0%         3d3       100%        5
 Lehudib's Crystal Spear  Conj/Erth      0%         10d2      100%        8
 Summon Small Mammal      Summ           Unusable   N/A       N/A         1
 Call Imp                 Summ           Unusable   N/A       N/A         2
 Tukima's Dance           Hex            Unusable   N/A       N/A         3
 Animate Armour           Summ/Erth      Unusable   N/A       N/A         4

Dungeon Overview and Level Annotations

Branches:
Dungeon (11/15)            Temple (1/1) D:6            Lair (2/5) D:8
  Swamp: Lair:2-3    Shoals: Lair:2-3     Snake: Lair:2-3    Spider: Lair:2-3
    Orc: D:9-12

Altars:
Ashenzari
Cheibriados
Dithmenos
Elyvilon
Fedhas
Gozag
Makhleb
Nemelex Xobeh
Okawaru
Qazlal
Ru
Trog
Uskayaw
Vehumet
Wu Jian
Xom
Yredelemnul
Zin

Shops:
D:5 *

Annotations:
D:8 1 exclusion


Innate Abilities, Weirdness & Mutations

You are amphibious.
You cover ground slowly.
You can hop short distances.
You have an extended range of vision and can be seen from far away.


Message History

The skyshark is no longer moving slowly.
The skyshark bites you!
The skyshark tail-slaps you but does no damage.
The skyshark barely misses you.
You hit the skyshark but do no damage.
The skyshark is heavily wounded.
You slash the skyshark!
The skyshark seems to slow down.
You freeze the skyshark. Your punch misses the skyshark.
The skyshark is severely wounded.
The skyshark bites you!
The skyshark tail-slaps you but does no damage.
The skyshark tail-slaps you.
* * * LOW HITPOINT WARNING * * *
You completely miss the skyshark.
The skyshark is severely wounded.
You slash the skyshark!
The skyshark seems to slow down.
You freeze the skyshark.
The skyshark is severely wounded.
The skyshark bites you but does no damage.
The skyshark tail-slaps you.
* * * LOW HITPOINT WARNING * * *
The skyshark barely misses you.
You completely miss the skyshark.
The skyshark is severely wounded.
You slash the skyshark!
The skyshark seems to slow down.
You freeze the skyshark.
The skyshark is severely wounded.
You barely miss the skyshark.
The skyshark is severely wounded.
The skyshark bites you!!
* * * LOW HITPOINT WARNING * * *
The skyshark misses you.
The skyshark tail-slaps you but does no damage.
You hit the skyshark. You freeze the skyshark.
The skyshark is almost dead.
Unknown command.
You hit the skyshark.
The skyshark seems to slow down.
You freeze the skyshark.
The skyshark is almost dead.
The skyshark bites you!
You die...

#.####...#P#......#
### ##.####.^.....
#.# #..>###. ##.#
##...### #..#
##..### #..# ##..##
### ##..# ##...
#.#####..## ##..
#../@..#.# ##.
##..l##### #..
##.## #.# ### ### #
# # #


You could see a skyshark (berserk, slow).

Vanquished Creatures
  A boulder beetle (Lair:2)
  A two-headed ogre (D:9)
  Nergalle (D:10)
  A skyshark (Lair:1)
  Pikel (D:6)
  An oklob plant (Lair:1)
  4 centaur zombies (D:10)
  Joseph (D:7)
  Maurice (D:8)
  2 cane toads (Lair:1)
  2 unseen horror zombies (D:10)
  A komodo dragon (Lair:1)
  A kobold demonologist (D:9)
  A troll (D:10)
  2 hornets (D:8)
  A meliai zombie (D:10)
  2 wraiths
  7 spriggans (D:8)
  24 yaks
  2 steam dragons (D:8)
  2 vampire mosquitoes (D:10)
  Menkaure (D:6)
  6 water moccasins
  5 orc warriors
  3 ice beasts
  2 sky beasts
  2 ogres
  4 centaurs
  A phantom (D:5)
  5 kobold brigands
  4 bullfrogs
  2 gnoll sergeants
  4 wights (D:8)
  17 killer bees
  2 howler monkeys (D:8)
  4 hounds
  4 jellies
  8 orc priests
  A gnoll bouda (D:8)
  3 iguanas
  3 sleepcaps
  10 orc wizards
  3 howler monkey zombies (D:10)
  8 gnolls
  10 adders
  A shadow imp (D:6)
  A white imp (D:7)
  An ufetubus (D:5)
  4 worms
  A dart slug (D:5)
  41 orcs
  5 endoplasms
  4 giant cockroaches
  14 goblins
  4 hobgoblins
  9 quokkas
  4 ball pythons
  4 bats
  5 frilled lizards
  9 kobolds
  5 rats
283 creatures vanquished.

Vanquished Creatures (others)
  7 plants
7 creatures vanquished.

Grand Total: 290 creatures vanquished

Notes
Turn   | Place    | Note
-------+----------+-------------------------------------------
     0 | D:1      | Mesmaeker13 the Barachi Hunter began the quest for the Orb.
     0 | D:1      | Reached XP level 1. HP: 17/17 MP: 1/1
   274 | D:1      | Reached XP level 2. HP: 22/23 MP: 2/2
   670 | D:2      | Reached XP level 3. HP: 29/29 MP: 3/3
  1382 | D:3      | Reached XP level 4. HP: 35/35 MP: 4/4
  1897 | D:3      | Found a broken altar of Ashenzari.
  1903 | D:3      | Saw a vision of the Swamp and the Snake Pit.
  1903 | D:3      | Noticed a bog body
  1903 | D:3      | Noticed a spriggan rider
  1903 | D:3      | Noticed a black mamba
  1903 | D:3      | Noticed a black mamba
  1903 | D:3      | Noticed a bloated husk
  1903 | D:3      | Noticed a guardian serpent
  1903 | D:3      | Noticed a goliath frog
  1903 | D:3      | Noticed a mana viper
  1903 | D:3      | Noticed a naga
  1904 | D:3      | Noticed an eleionoma
  1904 | D:3      | Noticed a goliath frog
  1904 | D:3      | Noticed a naga warrior
  1905 | D:3      | Noticed a naga mage
  1911 | D:3      | Noticed a tyrant leech
  2089 | D:3      | Found a faded altar of an unknown god.
  2146 | D:4      | Noticed an ogre
  2188 | D:3      | Reached XP level 5. HP: 26/42 MP: 5/5
  2247 | D:4      | Killed an ogre
  2248 | D:4      | Reached skill level 5 in Ranged Weapons
  2248 | D:4      | Reached XP level 6. HP: 30/49 MP: 6/6
  2802 | D:4      | Identified the +5 falchion "Keuxirop" {freeze, +Blink rElec
                  | rPois Will+}
  3037 | D:5      | Entered Level 5 of the Dungeon
  3168 | D:5      | Reached skill level 1 in Evocations
  3254 | D:5      | Reached skill level 5 in Fighting
  3254 | D:5      | Reached skill level 1 in Long Blades
  3566 | D:5      | Reached XP level 7. HP: 56/56 MP: 7/7
  3582 | D:5      | Found Xiwkio Ytav's Assorted Antiques.
  3595 | D:5      | Found a shadowy altar of Dithmenos.
  4117 | D:5      | Found a glowing silver altar of Zin.
  4118 | D:5      | Noticed an angel
  4483 | D:6      | Noticed Menkaure
  4489 | D:6      | Killed Menkaure
  4490 | D:6      | Reached skill level 5 in Dodging
  4664 | D:6      | Reached XP level 8. HP: 49/64 MP: 8/8
  4730 | D:6      | Found a staircase to the Ecumenical Temple.
  4745 | Temple   | Entered the Ecumenical Temple
  4767 | Temple   | Became a worshipper of Warmaster Okawaru
  5138 | D:6      | Noticed Pikel
  5146 | D:6      | Killed Pikel
  5146 | D:6      | Reached * piety under Okawaru
  5206 | D:6      | Reached XP level 9. HP: 63/71 MP: 9/9
  5650 | D:7      | Reached skill level 5 in Long Blades
  6054 | D:7      | Reached skill level 5 in Evocations
  6348 | D:7      | Noticed Joseph
  6798 | D:7      | Found a radiant altar of Vehumet.
  6965 | D:8      | Reached ** piety under Okawaru
  7024 | D:8      | Noticed Maurice
  7057 | D:8      | Killed Maurice
  7058 | D:8      | Reached skill level 1 in Invocations
  7283 | D:8      | Reached *** piety under Okawaru
  7288 | D:8      | Reached XP level 10. HP: 80/80 MP: 11/11
  7788 | D:8      | HP: 4/80 [spriggan/+0 dagger (9)]
  8034 | D:8      | Reached **** piety under Okawaru
  8285 | D:7      | Found a stormy altar of Qazlal.
  8517 | D:9      | Noticed a two-headed ogre
  8563 | D:9      | Killed a two-headed ogre
  8741 | D:9      | Identified the staff of death "Cuop" {rN+ Str+3 Int+3}
  8749 | D:9      | Found a blossoming altar of Fedhas.
  8810 | D:9      | Reached skill level 5 in Armour
  8822 | D:9      | Noticed a kobold demonologist
  8833 | D:9      | Killed a kobold demonologist
  9153 | D:9      | Reached ***** piety under Okawaru
  9288 | D:9      | Reached XP level 11. HP: 85/85 MP: 14/14
  9775 | D:9      | Found a shimmering altar of Xom.
  9844 | D:10     | Entered Level 10 of the Dungeon
  9912 | D:10     | Identified the +0 hat of the End {Int+4 Stlth+} (Okawaru
                  | gifted it to you on level 10 of the Dungeon)
  9912 | D:10     | Received a gift from Okawaru
  9913 | D:10     | Reached skill level 5 in Invocations
 10679 | D:10     | Found a basalt altar of Yredelemnul.
 11314 | D:10     | Noticed Nergalle
 11343 | D:10     | Killed Nergalle
 11344 | D:10     | Reached skill level 10 in Ranged Weapons
 11348 | D:10     | Identified the +0 pair of boots of Least Resistance {+Blink
                  | rElec SInv}
 12461 | D:8      | Reached XP level 12. HP: 78/92 MP: 16/16
 12519 | D:8      | Found a staircase to the Lair.
 13240 | D:7      | Killed Joseph
 13381 | Lair:1   | Entered Level 1 of the Lair of Beasts
 13862 | Lair:1   | Reached skill level 10 in Evocations
 14457 | Lair:2   | Noticed a skyshark
 14701 | Lair:1   | Killed a skyshark
 14792 | Lair:2   | Noticed a boulder beetle
 14799 | Lair:2   | Killed a boulder beetle
 14809 | Lair:2   | Noticed a skyshark
 15011 | Lair:1   | HP: 2/92 [skyshark (23)]
 15013 | Lair:1   | Mangled by a skyshark

Illustrated notes

Levels and vault maps discovered:
D:1:      psy_arrival_radial02, layout_basic, st_stairs_12
D:2:      layout_basic
D:3:      minmay_skewed_foursquare, layout_basic, grunt_ashenzari_visionary
          [grunt_ashenzari_visionary_swamp, grunt_ashenzari_visionary_snake],
          shapermc_ecumenical_altar_mp_urbaneastern
D:4:      layout_basic, hangedman_decor_clover_reticule
D:5:      layout_basic, nicolae_overflow_crystal_walls, zin_angel, serial_shops,
          nicolae_inconvenience_store, lemuel_flamethrower_2
D:6:      layout_basic, minmay_temple_entry_overgrown, uniq_pikel, uniq_menkaure
D:7:      layout_rooms, vehumet_crystals, mainiacjoe_overflow_alcove_1,
          minmay_starry_boxes, uniq_joseph
D:8:      kb_forest_paths, layout_basic, lair_entry_dummy,
          hangedman_abyss_or_decor_stabs, uniq_maurice
D:9:      layout_basic, xom_teletrap_fun, lemuel_crystal_altar,
          minmay_crystal_water
D:10:     layout_roguey, nicolae_yredelemnul_corpse_copse, uniq_nergalle
D:11:     layout_stronghold
Temple:   nicolae_temple_bog_church
Lair:1:   layout_layer_cave, serial_bayou_shore_b
Lair:2:   layout_layer_cave, nicolae_swamp_entry_splash_gauntlet,
          guppyfry_snake_entry_garden, kennysheep_snail_temple,
          grunt_megastairs_3, serial_bayou_shore_a, serial_bayou_shore_b

Skill      XL: |  1  2  3  4  5  6  7  8  9 10 11 12 |
---------------+-------------------------------------+-----
Fighting       | 3 4 5 6 7 |  7.7
Dodging        | 3 4 5 6 7 |  7.0
Ranged Weapons | 5 6 7 9 10 | 10.9
Evocations     | 1 3 4 6 7 9 10 | 10.4
Long Blades    | 1 3 4 5 |  5.7
Armour         | 2 5 8 9 |  9.5
Invocations    | 2 4 6 7 |  7.2
Stealth        | |  0.8

Action                     |  1- 3 |  4- 6 |  7- 9 | 10-12 || total
---------------------------+-------+-------+-------+-------++-------
  Melee: Falchion          |       |     7 |    94 |   359 ||   460
         Punch             |       |       |     1 |     6 ||     7
   Fire: Shortbow          |    75 |   175 |   169 |    45 ||   464
         Arbalest          |       |       |       |   354 ||   354
  Throw: Throwing net      |       |       |     1 |       ||     1
 Invoke: Heroism           |       |       |       |     7 ||     7
         Finesse           |       |       |       |     4 ||     4
Ability: Hop               |     1 |     1 |     1 |     4 ||     7
  Evoke: Wand              |       |       |    22 |     5 ||    27
    Use: Scroll            |       |     5 |     4 |    13 ||    22
         Potion            |       |       |     3 |     7 ||    10
   Stab: Distracted        |       |       |       |     1 ||     1
 Armour: Leather armour    |     5 |    26 |    36 |       ||    67
         Steam dragon scal |       |       |     7 |    47 ||    54
         Skin              |       |       |     3 |     8 ||    11
         Scale mail        |       |       |       |   113 ||   113
         Ring mail         |       |       |       |   150 ||   150
  Dodge: Dodged            |    17 |    62 |   126 |   593 ||   798
